 Dungeon Crawl Stone Soup version 0.24-a0-417-g1cce26a4d2 (webtiles) character file.

Game seed: 803403501569835245

51 Ilgrip the Vexing (level 3, 12/26 HPs)
             Began as a Demonspawn Arcane Marksman on June 11, 2019.
             Quit the game on level 2 of the Dungeon.
             The game lasted 00:01:00 (584 turns).

Ilgrip the Vexing (Demonspawn Arcane Marksman)       Turns: 584, Time: 00:01:01

Health: 12/26      AC:  3    Str: 10    XL:     3   Next: 58%
Magic:  4/4        EV: 12    Int: 15    God:
Gold:   20         SH:  0    Dex: 13    Spells: 3/4 levels left

rFire    . . .     SeeInvis .   a - +0 hunting sling
rCold    . . .     Gourm    .   (no shield)
rNeg     . . .     Faith    .   e - +0 robe
rPois    .         Spirit   .   (no helmet)
rElec    .         Reflect  .   (no cloak)
rCorr    .         Harm     .   (no gloves)
MR       .....                  (no boots)
Stlth    +.........             (no amulet)
HPRegen  0.08/turn              (no ring)
MPRegen  0.09/turn              (no ring)

@: no status effects
A: rugged brown scales 1
a: no special abilities


You were on level 2 of the Dungeon.
You were not hungry.

You visited 1 branch of the dungeon, and saw 2 of its levels.

You collected 20 gold pieces.

Inventory:

Hand Weapons
 a - a +0 hunting sling (weapon)
Armour
 e - a +0 robe (worn)
Scrolls
 b - 2 scrolls of teleportation {unknown}
 c - a scroll of magic mapping {unknown}
 g - 5 scrolls of identify {unknown}
 h - 2 scrolls of remove curse {unknown}
 j - a scroll of amnesia {unknown}
Comestibles
 f - 2 rations


   Skills:
 + Level 1.3 Fighting
 + Level 3.0 Slings
 + Level 2.1 Dodging
 + Level 1.0 Spellcasting
 + Level 3.3 Hexes


You had 3 spell levels left.
You knew the following spells:

 Your Spells              Type           Power        Failure   Level  Hunger
a - Corona                Hex            ##.....      6%          1    ##.....

Your spell library contained the following spells:

 Spells                   Type           Power        Failure   Level  Hunger
 Slow                     Hex            ##......     10%         2    ###....
 Inner Flame              Hex/Fire       #.......     36%         3    ####...
 Portal Projectile        Hex/Tloc       #.....       36%         3    ####...
 Cause Fear               Hex            ##........   52%         4    #####..
 Leda's Liquefaction      Hex/Erth       #.........   77%         4    #####..


Dungeon Overview and Level Annotations

Branches:
Dungeon (2/15)

Altars:

Annotations:
D:2 Robin


Innate Abilities, Weirdness & Mutations

You are partially covered in rugged brown scales. (AC +1, +3% HP)


Message History

Okay, then.
Firing (i - inventory) No suitable missiles.
Press: ? - help, Shift-Dir - straight line, f/p - goblin
Aim: a goblin (unusually strong)
Okay, then.
Firing (i - inventory) No suitable missiles.
Press: ? - help, Shift-Dir - straight line, f/p - goblin
Aim: a goblin (unusually strong)
Okay, then.
Firing (i - inventory) No suitable missiles.
Press: ? - help, Shift-Dir - straight line, f/p - goblin
Aim: a goblin (unusually strong)
Okay, then.
Unknown command.
The goblin wields a +0 hunting sling.
The goblin shoots a stone.
The stone hits you but does no damage.
You see here a stone.
The goblin shoots a stone.
The stone barely misses you. Robin throws the goblin at you!
Are you sure you want to abandon this character and quit the game? (Confirm with "yes".)

#.#)gg##.#.#
######.##..##.#.#
........rg....#.#
.#######.##.#.#.###
#g#.......<#
#.#.#.....)###
#######(..#........#
†.......####..†..#.#
#####..@..#......#.#
......g...#.######.#
#####...#...# .#
......(##### .#
####..## .# #.. .#
#.. #.. #.


You could see Robin, 2 goblins and a rat.

Vanquished Creatures
  3 dart slugs (D:1)
  2 leopard geckos (D:1)
  3 bats
  2 giant cockroaches (D:1)
  8 goblins
  6 hobgoblins
  6 kobolds (D:1)
  8 rats
38 creatures vanquished.

Notes
Turn   | Place    | Note
-------+----------+-------------------------------------------
     0 | D:1      | Ilgrip the Demonspawn Arcane Marksman began the quest for
                  | the Orb.
     0 | D:1      | Reached XP level 1. HP: 15/15 MP: 2/2
   110 | D:1      | Gained mutation: You are partially covered in rugged brown
                  | scales. (AC +1, +3% HP) [demonic ancestry]
   110 | D:1      | Reached XP level 2. HP: 15/21 MP: 3/3
   308 | D:1      | Reached XP level 3. HP: 26/26 MP: 4/4
   569 | D:2      | Noticed Robin
   584 | D:2      | Quit the game

Levels and vault maps discovered:
D:1:      minmay_arrival_split_and_join, layout_rooms, minmay_pentomino_o4
D:2:      layout_loops_ring, overflow_temple_1_default,
          minmay_misc_feat_hallway, uniq_jessica, uniq_terence, uniq_robin

Skill      XL: |  1  2  3 |
---------------+----------+-----
Slings         | 2 3 |  3.0
Dodging        | 2 |  2.1
Fighting       | |  1.3
Spellcasting   | |  1.0
Hexes          | |  3.3

Action                   || total
-------------------------++-------
 Fire: Hunting sling     ||    95
Armor: Robe              ||     8
Dodge: Dodged            ||    24

Table legend:
 A = Non-vault XP
 B = Vault XP
 C = Vault XP percentage of total XP
 D = Non-vault monster count
 E = Vault monster count
 F = Vault count percentage of total count
                 A         B        C        D         E       F
            +---------+---------+-------+---------+---------+-------
      Total |      54 |      20 |  27.0 |      28 |      10 |  26.3
            +---------+---------+-------+---------+---------+-------
        D:1 |      50 |       8 |  13.8 |      25 |       4 |  13.8
        D:2 |       4 |      12 |  75.0 |       3 |       6 |  66.7
            +---------+---------+-------+---------+---------+-------
